 Dungeon Crawl Stone Soup version 0.27.1 (webtiles) character file.

Game seed: 1734294441076151797

1731 dtburroughs the Chopper (level 8, -12/109 HPs)
             Began as a Minotaur Berserker on Aug 23, 2021.
             Was a Priest of Trog.
             Mangled by an eight-headed hydra (13 damage)
             ... on level 6 of the Dungeon.
             The game lasted 00:07:06 (6135 turns).

dtburroughs the Chopper (Minotaur Berserker)        Turns: 6135, Time: 00:07:07

Health: -12/109    AC:  9    Str: 22    XL:     8   Next: 76%
Magic:  0/7        EV: 12    Int:  6    God:    Trog [***...]
Gold:   295        SH:  5    Dex: 10    Spells: 7/7 levels left

rFire    + . .     SeeInvis .   v - +3 mace (vorpal)
rCold    . . .     Faith    .   w - +1 buckler {rF+}
rNeg     . . .     Spirit   +   h - +0 scale mail
rPois    +         Reflect  .   (helmet restricted)
rElec    .         Harm     .   (no cloak)
rCorr    .         Rampage  .   (no gloves)
Will     ++...                  u - +0 pair of boots
Stlth    ..........             i - amulet of guardian spirit
HPRegen  1.28/turn              o - ring of poison resistance
MPRegen  0.10/turn              (no ring)

@: berserking, strong-willed, regenerating, very quick
A: horns 2, retaliatory headbutt
a: Renounce Religion, Berserk, Trog's Hand


You were on level 6 of the Dungeon.
You worshipped Trog.
Trog was most pleased with you.
You visited 1 branch of the dungeon, and saw 6 of its levels.

You collected 295 gold pieces.

Inventory:

Hand Weapons
 a - a +0 hand axe
 m - a +1 great mace of holy wrath
 v - a +3 vorpal mace (weapon)
Armour
 b - a +0 animal skin
 c - a +0 ring mail
 h - a +0 scale mail (worn)
 u - a +0 pair of boots (worn)
 w - a +1 buckler of fire resistance (worn)
Jewellery
 i - an amulet of guardian spirit (around neck)
 l - a ring of magical power
 o - a ring of poison resistance (left hand)
 r - a +6 ring of intelligence
Scrolls
 d - a scroll of enchant weapon {unknown}
 f - 2 scrolls of identify {unknown}
 g - 4 scrolls of teleportation {unknown}
 j - 3 scrolls of fog {unknown}
 k - a scroll of immolation {unknown}
 s - 2 scrolls of magic mapping {unknown}
Potions
 e - a potion of cancellation {unknown}
 n - a potion of degeneration {unknown}
 p - a potion of brilliance {unknown}
 q - a potion of flight {unknown}
 t - a potion of curing {unknown}
 x - a potion of invisibility {unknown}


   Skills:
 + Level 7.2 Fighting
 + Level 7.3 Axes
 + Level 6.8 Armour
 + Level 6.1 Dodging
 + Level 4.2 Shields


You had 7 spell levels left.
You didn't know any spells.
Your spell library was empty.

Dungeon Overview and Level Annotations

Branches:
Dungeon (6/15)             Temple (0/1) D:6

Altars:
Fedhas
Qazlal
Trog

Shops:
D:5 :


Innate Abilities, Weirdness & Mutations

You have a pair of horns on your head.
You reflexively headbutt those who attack you in melee.


Message History

The eight-headed hydra bites you.
You thump the eight-headed hydra!
The eight-headed hydra is heavily wounded.
The eight-headed hydra barely misses you.
The eight-headed hydra completely misses you.
The eight-headed hydra bites you!
The eight-headed hydra bites you but does no damage.
The eight-headed hydra bites you! x3
The eight-headed hydra barely misses you.
You hit the eight-headed hydra.
The eight-headed hydra is severely wounded.
You completely miss the eight-headed hydra.
Your headbutt misses the eight-headed hydra.
The eight-headed hydra is severely wounded.
The eight-headed hydra barely misses you.
You furiously retaliate!
You headbutt the eight-headed hydra! The eight-headed hydra bites you!
* * * LOW HITPOINT WARNING * * *
The eight-headed hydra bites you.
* * * LOW HITPOINT WARNING * * *
You block the eight-headed hydra's attack.
The eight-headed hydra bites you.
* * * LOW HITPOINT WARNING * * *
The eight-headed hydra bites you!
* * * LOW HITPOINT WARNING * * *
The eight-headed hydra bites you.
* * * LOW HITPOINT WARNING * * *
The eight-headed hydra bites you!
* * * LOW HITPOINT WARNING * * *
You barely miss the eight-headed hydra. You headbutt the eight-headed hydra!
The eight-headed hydra is almost dead.
The eight-headed hydra completely misses you.
You block the eight-headed hydra's attack.
The eight-headed hydra bites you but does no damage. x2
The eight-headed hydra closely misses you.
The eight-headed hydra bites you.
* * * LOW HITPOINT WARNING * * *
The eight-headed hydra completely misses you.
The eight-headed hydra bites you!
You die...

###.###.#####.####
..........)......#
################.#
#.# #.# #.# ##.#.#
...#.# ..#@# ..#D#
####.#.#
####....#.#
###.......#)#
#...........#
......D...###
.####.###)# .D #.#


You could see an eight-headed hydra.

Vanquished Creatures
  A steam dragon (D:6)
  A hornet zombie (D:5)
  A sky beast (D:4)
  A black bear (D:5)
  An ice beast (D:6)
  An ogre (D:5)
  A centaur (D:5)
  2 bullfrogs
  3 scorpions (D:5)
  A water moccasin skeleton (D:6)
  A howler monkey (D:6)
  A bullfrog zombie (D:5)
  A jelly (D:5)
  A gnoll shaman (D:6)
  An orc priest (D:5)
  2 hounds
  3 centaur skeletons
  6 iguanas
  2 orc wizards
  A hound skeleton (D:4)
  A howler monkey zombie (D:5)
  4 adders
  5 gnolls (D:6)
  An ufetubus (D:6)
  2 worms
  3 dart slugs
  8 orcs
  6 bats
  7 endoplasms
  2 giant cockroaches
  7 goblins
  9 hobgoblins
  4 jackals (D:2)
  3 quokkas
  6 ball pythons
  7 frilled lizards
  6 kobolds
  5 rats
118 creatures vanquished.

Vanquished Creatures (others)
  A plant (D:1)
1 creature vanquished.

Grand Total: 119 creatures vanquished

Notes
Turn   | Place    | Note
-------+----------+-------------------------------------------
     0 | D:1      | dtburroughs the Minotaur Berserker began the quest for the
                  | Orb.
     0 | D:1      | Reached XP level 1. HP: 19/19 MP: 0/0
   145 | D:1      | Reached XP level 2. HP: 24/27 MP: 1/1
   324 | D:1      | Found a faded altar of an unknown god.
   786 | D:1      | Reached XP level 3. HP: 33/33 MP: 2/2
   930 | D:2      | Found a blossoming altar of Fedhas.
   955 | D:2      | Reached ** piety under Trog
  1312 | D:2      | Reached XP level 4. HP: 40/40 MP: 3/3
  2192 | D:3      | Reached *** piety under Trog
  2920 | D:4      | Reached XP level 5. HP: 40/47 MP: 4/4
  3189 | D:4      | Noticed a sky beast
  3203 | D:4      | Killed a sky beast
  3204 | D:4      | Reached skill level 5 in Fighting
  3204 | D:4      | Reached skill level 5 in Axes
  3204 | D:4      | Reached XP level 6. HP: 33/56 MP: 3/5
  4032 | D:5      | Entered Level 5 of the Dungeon
  4119 | D:5      | Found Jaf Boirr's Book Emporium.
  4240 | D:5      | Reached skill level 5 in Armour
  4279 | D:5      | Reached XP level 7. HP: 61/62 MP: 6/6
  4419 | D:5      | Reached skill level 1 in Shields
  4431 | D:5      | Reached skill level 5 in Dodging
  5095 | D:5      | Reached XP level 8. HP: 67/71 MP: 7/7
  5394 | D:6      | Found a stormy altar of Qazlal.
  5462 | D:6      | Found a bloodstained altar of Trog.
  5507 | D:6      | Found a staircase to the Ecumenical Temple.
  6110 | D:6      | Noticed an eight-headed hydra
  6135 | D:6      | HP: 1/109 [eight-headed hydra (6)]
  6135 | D:6      | Mangled by an eight-headed hydra

Illustrated notes

Levels and vault maps discovered:
D:1:      erik_arrival_triangle_large, layout_loops_ring,
          shapermc_ecumenical_altar_flowoftime
D:2:      layout_basic, basic_altar, serial_curves, eino_curves_03,
          eino_curves_01, kennysheep_generic_room_15
D:3:      layout_loops_ring, kennysheep_generic_room_14
D:4:      layout_loops_corners, nicolae_zen_rock_garden
D:5:      layout_cave_pods, serial_shops, nicolae_shop_trees,
          grunt_decor_fettered
D:6:      minmay_recursive_quarters, layout_rooms, trog_book,
          nicolae_qazlal_general_emergency, minmay_temple_entry_mist

Skill      XL: |  1  2  3  4  5  6  7  8 |
---------------+-------------------------+-----
Axes           | 4 5 6 7 |  7.3
Fighting       | 4 5 6 7 |  7.2
Armour         | 3 4 5 6 |  6.8
Dodging        | 3 4 5 6 |  6.1
Shields        | 2 4 |  4.2

Action                   |  1- 3 |  4- 6 |  7- 9 || total
-------------------------+-------+-------+-------++-------
Melee: Hand axe          |    84 |    73 |       ||   157
       Headbutt          |    13 |    19 |    25 ||    57
       Great mace        |       |    43 |       ||    43
       Mace              |       |     3 |   119 ||   122
Invok: Berserk           |       |     1 |     2 ||     3
       Trog's Hand       |       |       |     1 ||     1
Armor: Ring mail         |    23 |       |       ||    23
       Animal skin       |     3 |       |       ||     3
       Scale mail        |    23 |    59 |    53 ||   135
Dodge: Dodged            |    54 |    65 |    98 ||   217
Block: Buckler           |       |       |    37 ||    37
